 Adventure DCSS version bcrawl-1.19-7-g22fd707d3b (webtiles) character file.

Game seed: 8284858010473519192

41904 Leeroy the Carver (level 13, -3/82 HPs)
             Began as a Skeleton Reaver on Nov 17, 2019.
             Was an Elder of Vehumet.
             Slain by a seven-headed hydra (9 damage)
             ... on level 6 of the Lair of Beasts.
             The game lasted 01:35:14 (35162 turns).

Leeroy the Carver (Skeleton Reaver)                Turns: 35162, Time: 01:35:14

Health: -3/82      AC:  8    Str: 22      XL:     13   Next: 82%
Magic:  0/28       EV: 19    Int: 18      God:    Vehumet [****..]
Gold:   1406       SH:  0    Dex: 15 (16) Spells: 6/35 levels left
                                        Lives:  0   Deaths: 2

rFire    . . .     SeeInvis .   q - +11 battleaxe of Inflation {flame, rC+ Int+4 Stlth-}
rCold    + + .     Gourm    .   (shield currently unavailable)
rNeg     + + +     Faith    .   b - +0 steam dragon scales
rPois    ∞         Spirit   +   (no helmet)
rElec    +         Reflect  .   Y - +0 cloak
rCorr    .         Harm     .   (no gloves)
MR       +....                  (no boots)
Stlth    ++........             (no amulet)
HPRegen  0.23/turn              v - +5 ring of dexterity
MPRegen  0.21/turn              G - ring of Lilue {rElec Str+4}

@: no status effects
A: no food or potions, cold resistance 1, deterioration 1, negative energy
resistance 3, powered by death 1, torment resistance, unbreathing, magic shield,
sturdy frame 2, spell healing
a: Renounce Religion


You were on level 6 of the Lair of Beasts.
You worshipped Vehumet.
Vehumet was greatly pleased with you.
You were not hungry.

You visited 4 branches of the dungeon, and saw 20 of its levels.
You also visited: Volcano.

You collected 1795 gold pieces.
You spent 389 gold pieces at shops.

Inventory:

Hand Weapons
 a - a +1 long sword
 j - a +2 dagger of draining
 l - a +3 dagger
 n - a +3 lajatang of flaming
 q - the +11 battleaxe of Inflation (weapon) {flame, rC+ Int+4 Stlth-}
   (You found it on level 1 of the Lair of Beasts)

   It has been specially enchanted to burn those struck by it, causing extra
   injury to most foes and up to half again as much damage against particularly
   susceptible opponents.
   Big, fiery blades are also staple armaments of hydra-hunters.
   It affects your intelligence (+4).
   It protects you from cold.
   It makes you less stealthy.
 y - a +0 vampiric morningstar
 I - a +2 halberd of flaming
 L - a +1 dagger of speed
 R - the +6 war axe "Fecuf" {chop, rC+ rN+ SInv}
   (You found it on level 9 of the Dungeon)

   It inflicts extra damage upon your enemies.
   It protects you from cold.
   It protects you from negative energy.
   It lets you see invisible.
 T - a +1 dagger of flaming
 U - a +0 scimitar
 X - a +1 dire flail of flaming
Missiles
 e - 4125 stones (quivered)
 o - 98 javelins
 E - 316 poisoned needles
Armour
 b - +0 steam dragon scales (worn)
 d - the cursed +1 leather armour "Woogitiwn" {rF+, unknown}
   (You found it on level 2 of the Lair of Beasts)

   It protects you from fire.
   It has a curse placed upon it.
 f - a +2 robe of the Archmagi
 x - a +0 shield
 N - the +8 chain mail of the Hunter {Regen+ SInv, unknown}
   (You found it on level 4 of the Lair of Beasts)

   It lets you see invisible.
   It increases your rate of regeneration.
 O - the +3 ring mail of Fun and Games {rF+ Int+5}
   (You found it on level 9 of the Dungeon)

   It affects your intelligence (+5).
   It protects you from fire.
 W - a +1 buckler of positive energy
 Y - a +0 cloak (worn)
 Z - a +2 plate armour of fire resistance
Magical Staves
 w - an uncursed staff of death
 H - an uncursed staff of cold
Jewellery
 h - an uncursed amulet of the gourmand {unknown}
 m - an uncursed amulet of the gourmand {unknown}
 p - a +4 ring of strength
 s - an uncursed ring of magical power {unknown}
 u - a +4 ring of evasion
 v - a +5 ring of dexterity (left hand)
 A - an uncursed amulet of magic regeneration {unknown}
 B - an uncursed ring of flight {unknown}
 G - the ring of Lilue (right hand) {rElec Str+4}
   (You bought it in a shop on level 10 of the Dungeon)

   [ring of insulation]

   It affects your strength (+4).
   It insulates you from electricity.
 K - the ring of Accord {+Fly rElec rF- Str-4 Dex+4, unknown}
   (You found it on level 1 of the Lair of Beasts)

   [ring of flight]

   It affects your strength (-4).
   It affects your dexterity (+4).
   It makes you vulnerable to fire.
   It insulates you from electricity.
   It lets you fly.
 P - an uncursed ring of stealth {unknown}
 S - a +2 ring of dexterity
 V - an uncursed ring of poison resistance
Wands
 g - a wand of paralysis (22)
 i - a wand of polymorph (11)
 z - a wand of random effects (16)
 C - a wand of iceblast (25)
 F - a wand of clouds (7)
 J - a wand of disintegration (41)
Scrolls
 c - 3 scrolls of immolation
 k - 15 scrolls of remove curse
 r - a scroll of enchant armour {unknown}
 D - 5 scrolls of fog
 M - 2 scrolls of amnesia
 Q - 2 scrolls of enchant weapon


   Skills:
 - Level 10.0 Fighting
 - Level 12.0 Long Blades
 - Level 11.2 Axes
 - Level 8.2 Armour
 - Level 10.0 Dodging
 - Level 4.3 Stealth
 - Level 8.0 Shields
 + Level 11.9 Spellcasting
 - Level 7.7 Conjurations
 - Level 5.0 Hexes
 - Level 2.5 Fire Magic
 - Level 0.1 Ice Magic
 - Level 4.1 Evocations


You had 6 spell levels left.
You knew the following spells:

 Your Spells              Type           Power        Failure   Level  Hunger
a - Freeze                Ice            ##....       1%          1    N/A
b - Infusion              Chrm           ##......     7%          1    N/A
c - Slow                  Hex            ####....     1%          1    N/A
d - Summon Butterflies    Summ           ##......     7%          1    N/A
e - Sandblast             Erth           ##....       1%          1    N/A
f - Flame Tongue          Conj/Fire      ####.        1%          1    N/A
g - Conjure Flame         Conj/Fire      ####....     1%          3    N/A
h - Sticky Flame          Conj/Fire      ####....     2%          4    N/A
i - Fulminant Prism       Conj/Hex       ####......   1%          4    N/A
j - Spectral Weapon       Hex/Chrm       ###.....     7%          3    N/A
k - Lee's Rapid Deconstr  Erth           ##........   43%         5    N/A
l - Airstrike             Air            ##........   17%         4    N/A

Your spell library contained the following spells:

 Spells                   Type           Power        Failure   Level  Hunger
 Corona                   Hex            ####...      1%          1    N/A
 Sting                    Conj/Pois      ###.         1%          1    N/A
 Shackle                  Hex            ####....     1%          2    N/A
 Inner Flame              Hex/Fire       N/A          1%          3    N/A
 Tukima's Dance           Hex            ####....     2%          3    N/A
 Ignite Poison            Fire/Tmut/Pois ##......     4%          3    N/A
 Yara's Violent Unravell  Hex/Tmut       ###.......   6%          4    N/A
 Apportation              Tloc           ##....       7%          1    N/A
 False Image              Hex/Summ       ###.....     7%          3    N/A
 Cause Fear               Hex            ####......   9%          4    N/A
 Poisonous Vapours        Pois/Air       ##....       10%         2    N/A
 Song of Slaying          Chrm           ##......     10%         2    N/A
 Sublimation of Blood     Necr           ##........   10%         2    N/A
 Iskenderun's Battlesphe  Conj/Chrm      ###.....     11%         5    N/A
 Venom Bolt               Conj/Pois      ###.......   11%         5    N/A
 Olgreb's Toxic Radiance  Pois           ##......     17%         4    N/A
 Ozocubu's Armour         Chrm/Ice       ##......     19%         3    N/A
 Beckoning                Tloc           ##........   21%         3    N/A
 Recall                   Summ/Tloc      N/A          21%         3    N/A
 Bolt of Cold             Conj/Ice       ###.......   43%         6    N/A
 Metabolic Englaciation   Hex/Ice        ###.......   52%         5    N/A
 Summon Scorpions         Summ/Pois      ##......     54%         4    N/A
 Invisibility             Hex            ####....     77%         6    N/A
 Ozocubu's Refrigeration  Ice            ##........   90%         6    N/A
 Borgnjor's Vile Clutch   Necr/Erth      ##........   100%        6    N/A
 Freezing Cloud           Ice/Air        ##........   100%        6    N/A
 Simulacrum               Ice/Necr       ##........   100%        6    N/A
 Spellforged Servitor     Conj/Summ      ###.......   94%         7    N/A
 Regeneration             Chrm/Necr      Unusable     N/A         3    N/A
 Ice Form                 Ice/Tmut       Unusable     N/A         4    N/A

Dungeon Overview and Level Annotations

Branches:
Dungeon (12/12)            Temple (1/1) D:6            Lair (6/6) D:7
  Swamp (0/3) Lair:3        Snake (0/3) Lair:3          Orc (1/1) D:10
  Slime: Lair:5-6       Elf: Orc:1       Vaults: D:11-12     Depths: D:12

Altars:
Ashenzari
Cheibriados
Dithmenos
Fedhas
Hepliaklqana
Kikubaaqudgha
Lugonu
Makhleb
Nemelex Xobeh
Qazlal
Ru
Sif Muna
Trog
Vehumet
Wu Jian
Xom
Yredelemnul
Zin
The Shining One
Beogh

Shops:
D:5 =   D:7 =   D:10 =

Annotations:
D:10 2 runed doors, exclusion: orange crystal statue, Snorg
Lair:1 1 runed translucent door, Wuochyse's ghost, journeyman VSWz
Lair:2 exclusion: oklob plant Orc Harold


Innate Abilities, Weirdness & Mutations

You do not eat or drink.
You are immune to poison.
Your flesh is cold resistant. (rC+)
Your body sometimes deteriorates upon taking damage.
You are immune to negative energy. (rN+++)
You regenerate a little health from kills.
You are immune to unholy pain and torment.
You can survive without breathing.
When hurt, damage is shared between your health and your magic reserves.
Your movements are less encumbered by armour. (ER -4)
Casting spells heals you.


Message History

The seven-headed hydra barely misses you.
The seven-headed hydra bites you but does no damage.
The seven-headed hydra misses you.
The seven-headed hydra bites you but does no damage.
The seven-headed hydra bites you.
You hear an angry hiss.
There is a stone staircase leading up here.
The elephant misses you. The elephant closely misses you.
The elephant tramples you but does no damage.
The elephant trunk-slaps you but does no damage.
The komodo dragon hisses menacingly.
The komodo dragon bites you!!
* * * LOW HITPOINT WARNING * * *
Your body deteriorates!
You feel clumsy. The seven-headed hydra misses you.
The seven-headed hydra bites you.
The seven-headed hydra completely misses you.
The seven-headed hydra misses you.
The seven-headed hydra barely misses you.
The seven-headed hydra bites you!
You die...

. .J ... ##### ..P.
# ######DY.#...P#
.P ##.#.#.l@.......
.P.#P..#..Y†Y).....
....P..........P..#
#........#.....P..
#.....(......#....
#...%P............
#.%.%%P...........
#..^..............
#.#...%...........


You could see a seven-headed hydra, 3 elephants and a komodo dragon.

Vanquished Creatures
  Kirke (Lair:3)
  Fannar (Lair:2)
  8 hydras
  A centaur warrior (D:7)
  A two-headed ogre (D:10)
  A two-headed ogre (shapeshifter) (D:11)
  A tengu warrior (D:11)
  2 skeletal warriors (Volcano)
  An unseen horror (D:10)
  A lindwurm (Lair:4)
  2 cyclopes (D:10)
  Pikel (D:4)
  2 anaconda skeletons (Volcano)
  An ugly thing (D:7)
  7 elephants
  6 black mambas
  Maurice (D:8)
  2 centaur zombies (D:11)
  Joseph (Lair:1)
  A torpor snail (Lair:4)
  7 gargoyles
  7 komodo dragons
  11 cane toads
  2 yaktaurs (D:11)
  3 rime drakes
  4 trolls
  A queen bee (D:9)
  2 polar bears (Lair:5)
  4 blink frogs (Lair:1)
  3 harpy skeletons
  A hornet (D:9)
  A raiju (shapeshifter) (D:10)
  4 dream sheep (Lair:4)
  2 bog bodies (Lair:3)
  8 hippogriffs
  An alligator skeleton (Volcano)
  Sigmund (D:6)
  26 yaks
  A vampire (D:9)
  A flying skull (Volcano)
  6 hogs
  Eustachio (D:4)
  A hungry ghost (D:10)
  A naga (Lair:3)
  A warg (D:10)
  A swamp worm (Lair:3)
  Duvessa (D:5)
  14 water moccasins
  A hornet zombie (D:11)
  4 black bears
  2 ice beasts
  5 orc warriors
  9 porcupines
  3 sky beasts
  A slave (D:4)
  An eye of draining (D:11)
  3 phantoms
  9 ogres
  7 centaurs
  A necrophage (D:8)
  9 wolves
  3 boggarts
  16 crocodiles
  3 big kobolds
  10 bullfrogs
  Blork the orc (D:5)
  Dowan (D:5)
  A water moccasin skeleton (D:8)
  23 killer bees
  2 troll skeletons (Volcano)
  2 electric eels
  A spriggan skeleton (Volcano)
  3 howler monkeys
  6 crimson imps
  A quasit (D:11)
  2 bullfrog skeletons
  A jelly (D:7)
  7 centaur skeletons
  7 hounds
  7 orc priests
  5 iguanas
  Terence (D:2)
  7 orc wizards
  6 worker ants
  3 naga skeletons (Volcano)
  A howler monkey skeleton (D:4)
  4 gnolls (D:6)
  12 adders
  A shadow imp (D:4)
  3 oozes
  An adder skeleton (D:6)
  2 worms
  3 dart slugs
  7 leopard geckos
  38 orcs
  4 giant cockroaches
  6 goblins
  12 hobgoblins
  8 jackals
  A quokka (D:3)
  5 bats
  4 frilled lizards
  27 kobolds
  11 rats
  A fulminant prism (D:9)
  2 fungi (Lair:1)
  A plant (Lair:3)
486 creatures vanquished.

Vanquished Creatures (others)
  2 flying skulls (Volcano)
  A shadow imp (D:9)
  A bush (Lair:1)
  25 fulminant prisms
  18 fungi
  6 plants
  2 spectral weapons
55 creatures vanquished.

Grand Total: 541 creatures vanquished

Notes
Turn   | Place    | Note
-------+----------+-------------------------------------------
     0 | D:1      | Leeroy the Skeleton Reaver began the quest for the Orb.
     0 | D:1      | Reached XP level 1. HP: 14/14 MP: 4/4
    45 | D:1      | Reached skill level 4 in Long Blades
   222 | D:1      | Reached XP level 2. HP: 17/19 MP: 6/6
   487 | D:1      | Reached skill level 5 in Long Blades
   516 | D:1      | Reached * piety under Vehumet
   516 | D:1      | Offered knowledge of Freeze by Vehumet.
   519 | D:1      | Learned a level 1 spell: Freeze
   667 | D:1      | Reached XP level 3. HP: 21/23 MP: 4/7
   804 | D:2      | Found a sparkling altar of Nemelex Xobeh.
   826 | D:2      | Found a bloodstained altar of Trog.
  1278 | D:2      | Noticed Terence
  1287 | D:2      | Found a basalt altar of Yredelemnul.
  1307 | D:2      | Killed Terence
  1307 | D:2      | Reached skill level 6 in Long Blades
  1307 | D:2      | Reached XP level 4. HP: 23/28 MP: 6/8
  1493 | D:3      | Found a bloodstained altar of Trog.
  1531 | D:3      | Learned a level 1 spell: Infusion
  1533 | D:3      | Learned a level 1 spell: Slow
  1535 | D:3      | Learned a level 1 spell: Summon Butterflies
  1537 | D:3      | Learned a level 1 spell: Sandblast
  1932 | D:3      | Reached XP level 5. HP: 26/32 MP: 9/9
  2135 | D:3      | Found a shimmering altar of Xom.
  2244 | D:3      | Reached skill level 7 in Long Blades
  2628 | D:4      | Found a stormy altar of Qazlal.
  2922 | D:4      | Gained mutation: You regenerate a little health from kills.
                  | [Skeleton growth]
  2922 | D:4      | Reached XP level 6. HP: 37/37 MP: 10/13
  3048 | D:4      | Noticed an ice beast
  3080 | D:4      | Killed an ice beast
  3317 | D:4      | Reached XP level 7. HP: 23/43 MP: 7/16
  3626 | D:5      | Entered Level 5 of the Dungeon
  3626 | D:5      | Noticed Duvessa
  3626 | D:5      | Noticed Dowan
  3626 | D:5      | Noticed Eustachio
  3811 | D:4      | Killed Eustachio
  4574 | D:5      | Killed Duvessa
  4574 | D:5      | Reached skill level 5 in Dodging
  4853 | D:7      | Found Oruxux's Jewellery Emporium.
  5018 | D:7      | Reached skill level 1 in Armour
  5133 | D:5      | Noticed Pikel
  5164 | D:5      | Found Zaabiegu's Jewellery Shoppe.
  5187 | D:5      | Noticed Blork the orc
  6243 | D:5      | Reached XP level 8. HP: 25/48 MP: 8/17
  7190 | D:4      | Killed Pikel
  7190 | D:4      | Reached skill level 5 in Armour
  7252 | D:5      | Killed Blork the orc
  7279 | D:5      | Killed Dowan
  9319 | D:6      | Reached skill level 8 in Long Blades
  9424 | D:6      | Noticed Sigmund
  9534 | D:5      | Reached XP level 9. HP: 41/52 MP: 12/18
  9607 | D:6      | Reached ** piety under Vehumet
  9609 | D:6      | Offered knowledge of Flame Tongue by Vehumet.
  9612 | D:6      | Learned a level 1 spell: Flame Tongue
  9662 | D:6      | Found a staircase to the Ecumenical Temple.
  9678 | Temple   | Entered the Ecumenical Temple
  9763 | D:6      | Found a burning altar of Makhleb.
  9763 | D:6      | Noticed a balrug
  9771 | D:6      | Noticed an orange demon
  9771 | D:6      | Noticed a smoke demon
  9832 | D:6      | Found an ornate altar of the Wu Jian Council.
  9986 | D:6      | Reached skill level 9 in Long Blades
 10107 | D:7      | Noticed a gargoyle
 10426 | D:7      | Noticed a centaur warrior
 10429 | D:7      | Found a shimmering blue altar of Sif Muna.
 11118 | D:6      | Killed Sigmund
 11316 | D:7      | Killed a centaur warrior
 11316 | D:7      | Reached skill level 11 in Long Blades
 11667 | D:7      | Reached skill level 12 in Long Blades
 11750 | D:7      | Reached skill level 1 in Conjurations
 11800 | D:7      | Found a sacrificial altar of Ru.
 11923 | D:7      | Found a staircase to the Lair.
 11981 | D:7      | Noticed a troll
 11995 | D:7      | Found a snail-covered altar of Cheibriados.
 12028 | Lair:1   | Entered Level 1 of the Lair of Beasts
 12319 | Lair:1   | Noticed a cane toad
 12542 | D:7      | Gained mutation: Your movements are less encumbered by
                  | armour. (ER -4) [Skeleton growth]
 12542 | D:7      | Reached XP level 10. HP: 57/57 MP: 19/19
 12579 | D:7      | Slain by a hippogriff
 12580 | D:7      | Reached XP level 9. HP: -2/52 MP: 0/18
 12976 | D:8      | Noticed a green ugly thing
 13301 | D:7      | Killed a green ugly thing
 13871 | D:8      | Reached skill level 1 in Stealth
 14002 | D:8      | Noticed a catoblepas
 14462 | D:7      | Offered knowledge of Conjure Flame by Vehumet.
 14467 | D:7      | Learned a level 3 spell: Conjure Flame
 14597 | D:8      | Found a corrupted altar of Lugonu.
 14601 | D:8      | Found a radiant altar of Vehumet.
 14602 | D:8      | Found a shadowy altar of Dithmenos.
 14686 | D:8      | Noticed Maurice
 14756 | D:9      | Noticed a queen bee
 14763 | D:10     | Entered Level 10 of the Dungeon
 15087 | D:10     | Reached skill level 5 in Fighting
 15142 | D:9      | Reached XP level 10. HP: 38/59 MP: 13/19
 15475 | D:10     | Reached *** piety under Vehumet
 15920 | D:10     | Found Ruweoh's Jewellery Shoppe.
 15927 | D:10     | Bought the ring of Lilue {rElec Str+4} for 389 gold pieces
 15945 | D:10     | Found a staircase to the Orcish Mines.
 16055 | D:10     | Offered knowledge of Sticky Flame by Vehumet.
 16063 | D:10     | Learned a level 4 spell: Sticky Flame
 16129 | D:10     | Reached skill level 5 in Conjurations
 16518 | D:10     | Noticed an orange crystal statue
 16520 | D:10     | Found a runed door.
 16521 | D:10     | Found the +10 large shield of Ignorance {rN+ Int-4}
 16543 | D:10     | Found a runed door.
 16649 | D:10     | Noticed Snorg
 16697 | Orc      | Entered the Orcish Mines
 16718 | Orc      | Noticed a two-headed ogre
 16935 | D:10     | HP: 1/60 [two-headed ogre/+0 giant club (26)]
 16937 | D:10     | Killed a two-headed ogre
 17420 | Orc      | Found a roughly hewn altar of Beogh.
 17536 | Orc      | Noticed Harold
 17802 | D:10     | Reached skill level 1 in Evocations
 18572 | D:10     | Noticed a harpy
 18743 | D:9      | Reached **** piety under Vehumet
 18820 | D:9      | Got a crude ring mail
 18870 | D:9      | Offered knowledge of Fulminant Prism by Vehumet.
 18876 | D:9      | Learned a level 4 spell: Fulminant Prism
 18899 | D:9      | Identified the +3 ring mail of Fun and Games {rF+ Int+5}
                  | (You found it on level 9 of the Dungeon)
 19930 | D:9      | Reached XP level 11. HP: 45/64 MP: 8/20
 20077 | D:9      | Found a blossoming altar of Fedhas.
 20127 | D:9      | Got an ancient war axe
 20135 | D:9      | Identified the +6 war axe "Fecuf" {chop, rC+ rN+ SInv} (You
                  | found it on level 9 of the Dungeon)
 20357 | D:8      | Reached skill level 1 in Axes
 20701 | D:8      | Killed Maurice
 21357 | D:11     | Noticed a cyclops
 21626 | D:11     | Noticed an unseen horror
 21628 | D:11     | Noticed a seven-headed hydra
 21647 | D:10     | Killed a cyclops
 22027 | D:11     | Reached skill level 5 in Axes
 22076 | D:10     | Killed an unseen horror
 22151 | D:11     | Noticed a red ugly thing
 22236 | D:11     | Noticed a cyclops
 22252 | D:10     | Killed a cyclops
 22878 | D:11     | Identified Icoud's Guide on Creative Evil Arts
 22892 | D:11     | Noticed a tengu warrior
 22909 | D:11     | Killed a tengu warrior
 23339 | D:11     | Reached skill level 10 in Axes
 23421 | D:11     | Killed an eight-headed hydra
 23421 | D:11     | Reached XP level 12. HP: 58/70 MP: 12/21
 23427 | D:11     | Noticed a two-headed ogre
 23427 | D:11     | a redback changed into a two-headed ogre
 23436 | D:11     | Killed a two-headed ogre
 23716 | D:12     | Entered Level 12 of the Dungeon
 23744 | D:11     | Reached skill level 1 in Fire Magic
 24606 | D:7      | Reached skill level 1 in Shields
 25179 | Lair:1   | Got a fine amber ring
 25227 | Lair:1   | Reached skill level 5 in Shields
 25473 | Lair:1   | Noticed Joseph
 25775 | Lair:2   | Noticed a seven-headed hydra
 25800 | Lair:2   | Identified a scroll of acquirement
 25809 | Lair:2   | HP: 1/70 [shot self (9)]
 25809 | Lair:2   | Mangled by a seven-headed hydra
 25810 | Lair:2   | Reached XP level 11. HP: -9/64 MP: 0/20
 25879 | Lair:2   | Noticed a seven-headed hydra
 25975 | Lair:1   | Killed Joseph
 26249 | Lair:1   | Learned a level 3 spell: Spectral Weapon
 26446 | Lair:1   | Got a dazzling battleaxe
 26454 | Lair:1   | Identified the +11 battleaxe of Inflation {flame, rC+ Int+4
                  | Stlth-} (You found it on level 1 of the Lair of Beasts)
 26488 | Lair:1   | Found a runed translucent door.
 26490 | Lair:1   | Reached ***** piety under Vehumet
 26490 | Lair:1   | Offered knowledge of Lee's Rapid Deconstruction by Vehumet.
 26493 | Lair:1   | Noticed Wuochyse's ghost (journeyman VSWz)
 27107 | Lair:1   | Killed a seven-headed hydra
 27457 | Lair:2   | Learned a level 5 spell: Lee's Rapid Deconstruction
 27551 | Lair:2   | Noticed a seven-headed hydra
 27563 | Lair:2   | Killed a five-headed hydra
 27589 | Lair:2   | Reached XP level 12. HP: 70/70 MP: 9/25
 27999 | Lair:2   | Killed a four-headed hydra
 28140 | Lair:2   | Got a slimy leather armour
 28412 | Lair:2   | Noticed Fannar
 28442 | Lair:2   | Killed Fannar
 28607 | Lair:3   | Found a staircase to the Swamp.
 28653 | Lair:3   | Found a dark tunnel.
 28671 | Volcano  | Entered a volcano
 29163 | Volcano  | HP: 3/76 [anaconda skeleton (9)]
 29891 | Lair:3   | Found a staircase to the Snake Pit.
 30442 | Lair:3   | Reached skill level 10 in Fighting
 30830 | Lair:3   | Noticed a five-headed hydra
 30849 | Lair:3   | Killed a one-headed hydra
 31202 | Lair:3   | Noticed Kirke
 31221 | Lair:2   | Reached skill level 5 in Hexes
 31302 | Lair:2   | Reached XP level 13. HP: 68/82 MP: 23/26
 31363 | Lair:3   | Noticed a sphinx
 31368 | Lair:3   | Killed Kirke
 33362 | Lair:4   | Got an encrusted chain mail
 33506 | Lair:4   | Offered knowledge of Airstrike by Vehumet.
 33527 | Lair:4   | Learned a level 4 spell: Airstrike
 33617 | Lair:4   | Reached skill level 10 in Dodging
 33794 | Lair:5   | Reached skill level 10 in Spellcasting
 35080 | Lair:6   | Entered Level 6 of the Lair of Beasts
 35162 | Lair:6   | Slain by a seven-headed hydra

Skill      XL: |  1  2  3  4  5  6  7  8  9 10 11 12 13 |
---------------+----------------------------------------+-----
Long Blades    | 4 5 6 7 8 12 | 12.0
Spellcasting   | 4 6 9 11 | 11.9
Fighting       | 4 5 6 10 | 10.0
Dodging        | 5 7 10 | 10.0
Armour         | 1 7 8 |  8.2
Hexes          | 2 3 5 |  5.0
Conjurations   | 4 7 |  7.7
Stealth        | 4 |  4.3
Evocations     | 4 |  4.1
Axes           | 10 11 | 11.2
Fire Magic     | 2 |  2.5
Shields        | 8 7 |  8.0
Ice Magic      | |  0.1

Action                   |  1- 3 |  4- 6 |  7- 9 | 10-12 | 13-15 || total
-------------------------+-------+-------+-------+-------+-------++-------
Melee: Long sword        |   184 |   222 |   737 |   410 |       ||  1553
       Dagger            |       |    11 |       |    19 |       ||    30
       Morningstar       |       |       |    82 |       |       ||    82
       War axe           |       |       |       |   366 |       ||   366
       Battleaxe         |       |       |       |   178 |   178 ||   356
Throw: Stone             |       |       |       |     3 |       ||     3
 Cast: Freeze            |     3 |     8 |     2 |     3 |       ||    16
       Summon Butterflie |       |     2 |     6 |    10 |       ||    18
       Infusion          |       |     1 |     3 |       |     1 ||     5
       Slow              |       |     2 |    67 |     8 |     4 ||    81
       Sandblast         |       |       |     3 |     6 |       ||     9
       Flame Tongue      |       |       |     8 |    15 |       ||    23
       Conjure Flame     |       |       |       |    76 |     2 ||    78
       Sticky Flame      |       |       |       |    21 |     2 ||    23
       Fulminant Prism   |       |       |       |    26 |       ||    26
       Spectral Weapon   |       |       |       |     5 |     1 ||     6
       Airstrike         |       |       |       |       |     2 ||     2
Evoke: Wand              |       |       |     2 |     2 |     4 ||     8
  Use: Scroll            |       |     4 |    10 |    12 |     2 ||    28
 Stab: Sleeping          |       |       |       |    11 |       ||    11
       Distracted        |       |       |       |     1 |       ||     1
Armor: Steam dragon scal |    73 |    62 |   200 |   207 |    65 ||   607
Dodge: Dodged            |   146 |   149 |   683 |   983 |   202 ||  2163
Block: Other             |       |     6 |    48 |    34 |       ||    88
       Buckler           |       |       |       |    59 |       ||    59
